 Dungeon Crawl Stone Soup version 0.31-a0-1265-gaa4636e842 (webtiles) character file.

Game seed: 11751395889447621833

800 Inarius the Grappler (level 7, -1/67 HPs)
             Began as a Troll Chaos Knight on Dec 16, 2023.
             Was a Plaything of Xom.
             Slain by a gnoll
             ... wielding a +0 halberd
              (10 damage)
             ... on level 5 of the Dungeon.
             The game lasted 00:04:31 (3620 turns).

Inarius the Grappler (Troll Chaos Knight)           Turns: 3620, Time: 00:04:31

Health: -1/67      AC:  6    Str: 23    XL:     7   Next: 59%
Magic:  15/15      EV: 10    Int:  8    God:    Xom [.....*]
Gold:   220        SH:  0    Dex:  9    Spells: 6/6 levels left

rFire   . .          .
                       - Unarmed
rCold   . . .        (no shield)
rNeg    . . .        a - +2 robe
rPois   +            (helmet restricted)
rElec   .            (no cloak)
rCorr   .            (gloves unavailable)
SInv    .            (boots unavailable)
Will    .....        t - amulet of magic regeneration
Stlth   +            s - ring of poison resistance
HPRegen 1.11/turn    h - ring of magical power
MPRegen 0.54/turn

%: no passive effects
@: about to teleport
A: large, unfitting armour, claws 3, regeneration 1, shaggy fur 1, tough skin 1,
wild magic 1, MP-powered wands
a: Renounce Religion


You were on level 5 of the Dungeon.
You worshipped Xom.
You were Xom's teddy bear.
You visited 1 branch of the dungeon, and saw 5 of its levels.

You collected 220 gold pieces.

Inventory:

Hand Weapons
 m - the +3 mace of Qopn {heavy, +Blink rN+ Dex-5}
   (You found it on level 3 of the Dungeon)

   Dex-5:     It affects your dexterity (-5).
   rN+:       It protects you from negative energy.
   +Blink:    It lets you blink.
Armour
 a - a +2 robe (worn)
Jewellery
 h - a ring of magical power (right claw)
 s - a ring of poison resistance (left claw)
 t - an amulet of magic regeneration (around neck)
 w - a ring of magical power
Talismans
 u - a maw talisman
Scrolls
 b - a scroll of butterflies
 e - a scroll of enchant armour {unknown}
 j - 2 scrolls of torment {unknown}
 l - a scroll of amnesia
 n - 2 scrolls of immolation {unknown}
 o - a scroll of enchant weapon {unknown}
 p - 3 scrolls of fear {unknown}
 q - 2 scrolls of fog {unknown}
 r - 3 scrolls of teleportation
Potions
 c - 2 potions of attraction
 d - 2 potions of curing
 f - a potion of enlightenment {unknown}
 g - a potion of degeneration {unknown}
 i - 2 potions of brilliance {unknown}
 k - 2 potions of magic {unknown}
 v - a potion of mutation {unknown}
 x - a potion of haste {unknown}


   Skills:
 + Level 3.0 Fighting
 + Level 3.0 Dodging
 + Level 0.4 Stealth
 * Level 8.2 Unarmed Combat


You had 6 spell levels left.
You didn't know any spells.
Your spell library contained the following spells:

 Spells                   Type           Power      Damage    Failure   Level
 Ensorcelled Hibernation  Hex/Ice        0%         N/A       63%         2
 Passwall                 Tmut/Erth      0%         N/A       63%         2
 Swiftness                Air            0%         N/A       85%         3


Dungeon Overview and Level Annotations

Branches:
Dungeon (5/15)
 Temple: D:4-7

Altars:
Hepliaklqana
Sif Muna
Vehumet


Innate Abilities, Weirdness & Mutations

You are too large for most types of armour.
You have claws for hands.
Your natural rate of healing is unusually fast.
You are covered in fur. (AC +1)
You have tough skin. (AC +1)
Your spells are a little harder to cast, but a little more powerful.
You expend magic power (3 MP) to strengthen your wands.


Message History

* * * LOW HITPOINT WARNING * * *
The hound attacks as it pursues you! The hound barely misses you.
The gnoll attacks as it pursues you!
The gnoll hits you from afar with a +0 halberd!
* * * LOW HITPOINT WARNING * * *
The hound bites you but does no damage.
You feel better. The gnoll barely misses you. The hound closely misses you.
The gnoll closely misses you. The hound closely misses you.
The hound attacks as it pursues you! The hound closely misses you.
The gnoll attacks as it pursues you!
The gnoll hits you from afar with a +0 halberd.
* * * LOW HITPOINT WARNING * * *
The gnoll attacks as it pursues you! The gnoll completely misses you.
The hound bites you.
* * * LOW HITPOINT WARNING * * *
As you read the scroll of teleportation, it crumbles to dust.
You feel strangely unstable. The hound misses you.
The gnoll hits you from afar with a +0 halberd.
* * * LOW HITPOINT WARNING * * *
The gnoll hits you from afar with a +0 halberd.
You die... "Oh, no, you don't!"
Xom revives you!
Unknown command.
Unknown command.
Unknown command.
Unknown command.
Unknown command.
Unknown command.
Unknown command.
Unknown command.
Unknown command.
Unknown command.
The hound bites you.
* * * LOW HITPOINT WARNING * * *
The gnoll attacks as it pursues you!
The gnoll hits you from afar with a +0 halberd!
You die...
Xom cackles wildly!
PPP

..#**, , * ##..# ### ~~P.
..# **#.. #..## PPP.#####.#
#...##..## # .......)..#
#.......## ## #.......#*
##.......# ###. ........###
##.......###... ..####....##
###..###........#
#.....#####....####......##
#..#....h.@.....#........#.
#..####.gg..###..#......#...
#.. ##...####.......####..
#.. #.....#......### ### #.#
#........##.## # #.
#.####...###.## # #.# #####
##.# ..# ### ###


You could see a hound and 2 gnolls.

Vanquished Creatures
  A water moccasin (D:5)
  An ogre (D:5)
  A scorpion (D:4)
  3 hounds
  2 jellies
  An iguana (D:4)
  A gnoll (D:5)
  7 adders
  2 shadow imps (D:5)
  2 worms
  4 dart slugs
  An orc (D:4)
  9 ball pythons
  2 bats (D:1)
  7 endoplasms
  4 giant cockroaches
  5 goblins
  7 hobgoblins
  9 jackals
  5 quokkas
  6 frilled lizards
  12 kobolds
  9 rats
101 creatures vanquished.

Vanquished Creatures (collateral kills)
  2 ogres
  A jackal (D:5)
3 creatures vanquished.

Grand Total: 104 creatures vanquished

Notes
Turn   | Place    | Note
-------+----------+-------------------------------------------
     0 | D:1      | Inarius the Troll Chaos Knight began the quest for the Orb.
     0 | D:1      | Reached XP level 1. HP: 22/22 MP: 0/0
   132 | D:1      | Found a faded altar of an unknown god.
   151 | D:1      | Reached XP level 2. HP: 29/29 MP: 1/1
   432 | D:1      | XOM: divination: magic mapping
   483 | D:1      | Reached XP level 3. HP: 36/36 MP: 2/2
   484 | D:1      | Reached skill level 4 in Unarmed Combat
   634 | D:1      | XOM: silly message
   872 | D:2      | Reached XP level 4. HP: 44/44 MP: 3/3
  1238 | D:2      | XOM: silly message
  1527 | D:3      | Reached skill level 5 in Unarmed Combat
  1598 | D:3      | XOM is BORED!
  1614 | D:3      | Identified the +3 mace of Qopn {heavy, +Blink rN+ Dex-5}
  1889 | D:4      | XOM: chaos upgrade
  1958 | D:4      | Found a hazy altar of Hepliaklqana.
  1958 | D:4      | Found a shimmering blue altar of Sif Muna.
  2033 | D:4      | Reached XP level 5. HP: 46/50 MP: 4/4
  2087 | D:4      | XOM: smoke on damage
  2097 | D:4      | Noticed an ogre
  2098 | D:4      | XOM: 2-stop teleportation journey
  2115 | D:4      | Found a radiant altar of Vehumet.
  2230 | D:4      | XOM: cast spell 'Summon Ice Beast'
  2234 | D:4      | Killed an ogre
  2235 | D:4      | Reached skill level 6 in Unarmed Combat
  2235 | D:4      | Reached XP level 6. HP: 42/59 MP: 5/5
  2321 | D:4      | XOM: god gift: ring of poison resistance
  2424 | D:4      | XOM: god gift: scroll labelled NIMAES YXZI {god gift}
  2469 | D:4      | XOM: god gift: ring of magical power
  2790 | D:4      | XOM: give mutations
  2790 | D:4      | Gained mutation: You expend magic power (3 MP) to
                  | strengthen your wands. [Xom's grace]
  2790 | D:4      | Gained mutation: Your spells are a little harder to cast,
                  | but a little more powerful. [Xom's grace]
  2855 | D:5      | Entered Level 5 of the Dungeon
  2857 | D:5      | XOM: summons 2 friendly demons
  2861 | D:5      | Reached skill level 7 in Unarmed Combat
  2888 | D:5      | Noticed a water moccasin
  2897 | D:5      | Killed a water moccasin
  2898 | D:5      | Reached XP level 7. HP: 61/67 MP: 6/6
  3168 | D:5      | Reached skill level 8 in Unarmed Combat
  3223 | D:5      | XOM: divination: magic mapping
  3618 | D:5      | Xom revived you
  3620 | D:5      | Slain by a gnoll

Illustrated notes

Levels and vault maps discovered:
D:1:      roderic_octagonal_star, layout_loops_cross,
          nicolae_ecumenical_snake_handling
D:2:      layout_basic, chequers_serial_rivers_room_b,
          chequers_serial_rivers_micro_a
D:3:      layout_rooms
D:4:      layout_cave_pods, mainiacjoe_overflow_alcove_4,
          nicolae_overflow_two_pavilions, hangedman_decor_growths,
          nrook_loot_triangle
D:5:      layout_layer_cave, dreamdust_gnoll_farm

Skill      XL: |  1  2  3  4  5  6  7 |
---------------+----------------------+-----
Dodging        | 2 3 |  3.0
Unarmed Combat | 4 5 6 7 8 |  8.2
Fighting       | 3 |  3.0
Stealth        | |  0.4

Action                     |  1- 3 |  4- 6 |  7- 9 || total
---------------------------+-------+-------+-------++-------
  Melee: Unarmed           |    94 |   132 |    34 ||   260
         Punch             |     2 |     3 |       ||     5
    Use: Scroll            |       |     4 |     1 ||     5
         Potion            |       |       |     1 ||     1
   Stab: Sleeping          |     1 |       |       ||     1
 Armour: Robe              |    42 |    78 |    36 ||   156
  Dodge: Dodged            |    35 |    59 |    45 ||   139

Table legend: (Time is in decaauts)
 A = Elapsed time spent in this place.
 B = Non-inter-level travel time spent in this place.
 C = Inter-level travel time spent in this place.
 D = Time resting spent in this place.
 E = Time spent auto-exploring this place.
 F = Levels seen in this place.
 G = Mean time per level.
                   A        B        C        D        E       F      G
               +--------+--------+--------+--------+--------+-----+--------+
         Total |   3593 |   3448 |    145 |     21 |   2833 |   5 |  718.6 |
       Dungeon |   3593 |   3448 |    145 |     21 |   2833 |   5 |  718.6 |
               +--------+--------+--------+--------+--------+-----+--------+

Top non-repeatable levels by time:
     D:4: 966 daAuts
     D:2: 799 daAuts
     D:5: 758 daAuts
     D:1: 679 daAuts
     D:3: 390 daAuts
